 Dungeon Crawl Stone Soup version 0.28-a0-802-g09f76e8c00 (webtiles) character file.

Game seed: 14286175006477957981

70 vurker the Gusty (level 4, 0/28 HPs)
             Began as an Octopode Air Elementalist on Nov 6, 2021.
             Slain by Grinder (1 damage)
             ... on level 3 of the Dungeon.
             The game lasted 00:02:44 (2976 turns).

vurker the Gusty (Octopode Air Elementalist)        Turns: 2976, Time: 00:02:45

Health: 0/28       AC:  1    Str:  7    XL:     4   Next: 21%
Magic:  4/8        EV: 13    Int: 18    God:
Gold:   52         SH:  0    Dex: 12    Spells: 3/8 levels left

rFire   . . .      SeeInvis .   b - +0 dagger
rCold   . . .      Faith    .   (no shield)
rNeg    . . .      Spirit   .   (helmet restricted)
rPois   .          Reflect  .   e - amulet of the acrobat
rElec   .          Harm     .   (no ring)
rCorr   .          Rampage  .   (no ring)
Will    .....                   (no ring)
Stlth   +++.......              (no ring)
HPRegen 0.09/turn               (no ring)
MPRegen 0.11/turn               (no ring)
                                (no ring)
                                (no ring)

@: no status effects
A: almost no armour, amphibious, 8 rings, camouflage 1, gelatinous body 1,
(nimble swimmer 1), tentacles
a: no special abilities


You were on level 3 of the Dungeon.
You visited 1 branch of the dungeon, and saw 3 of its levels.

You collected 85 gold pieces.
You spent 33 gold pieces at shops.

Inventory:

Hand Weapons
 b - a +0 dagger (weapon)
   (You took it off a goblin on level 1 of the Dungeon)
Armour
 m - a +0 buckler
   (You found it on level 3 of the Dungeon)
Jewellery
 e - an amulet of the acrobat (around mantle)
   (You found it on level 1 of the Dungeon)
Wands
 l - a wand of mindburst (11)
   (You found it on level 3 of the Dungeon)
Scrolls
 a - a scroll of blinking {unknown}
 c - a scroll of torment {unknown}
 h - 2 scrolls of vulnerability {unknown}
 i - 3 scrolls of magic mapping {unknown}
 j - 2 scrolls of teleportation {unknown}
Potions
 d - 2 potions of attraction {unknown}
 f - 2 potions of curing
 g - 2 potions of ambrosia {unknown}
 k - a potion of degeneration {unknown}


   Skills:
 + Level 1.2 Fighting
 - Level 2.0 Dodging
 - Level 2.6 Stealth
 + Level 0.0 Shields
 * Level 2.8 Spellcasting
 + Level 1.7 Conjurations
 * Level 3.7 Air Magic


You had 3 spell levels left.
You knew the following spells:

 Your Spells              Type           Power      Damage    Failure   Level
a - Shock                 Conj/Air       48%        1d6       5%          1
c - Airstrike             Air            8%         N/A       34%         4

Your spell library contained the following spells:

 Spells                   Type           Power      Damage    Failure   Level
 Static Discharge         Conj/Air       12%        N/A       9%          2
 Swiftness                Air            16%        N/A       11%         3


Dungeon Overview and Level Annotations

Branches:
Dungeon (3/15)

Altars:

Shops:
D:2 !

Annotations:
D:3 Grinder


Innate Abilities, Weirdness & Mutations

You cannot wear most types of armour.
You are amphibious.
You can wear up to eight rings at the same time.
Your skin changes colour to match your surroundings (Stealth+).
Your rubbery body absorbs attacks. (AC +1, EV +1)
((You are camouflaged near water. (Stealth+)))
You have tentacles for arms and can constrict up to eight enemies at once.


Message History

No target in view!
You see here a hobgoblin corpse.
Found 17 sling bullets.
A hobgoblin comes into view.
A hobgoblin is nearby!
A hobgoblin is nearby!
You can't see any susceptible monsters within range! (Use Z to cast anyway.)
You can't see any susceptible monsters within range! (Use Z to cast anyway.)
A hobgoblin comes into view.
The hobgoblin shouts!
Aim: a hobgoblin (68% to hit)
The zap hits the hobgoblin.
You kill the hobgoblin!
The hobgoblin shouts!
You can't see any susceptible monsters within range! (Use Z to cast anyway.)
You can't see any susceptible monsters within range! (Use Z to cast anyway.)
You see here a hobgoblin corpse.
The zap misses the hobgoblin.
The zap hits the hobgoblin.
The hobgoblin closely misses you.
The zap hits the hobgoblin.
You kill the hobgoblin!
You can't see any susceptible monsters within range! (Use Z to cast anyway.)
You see here a hobgoblin corpse.
You see here 17 sling bullets.
Grinder comes into view.
What are your orders? t - Shout!
Orders for allies: a - Attack new target. r - Retreat! s - Stop attacking. g - Guard the area. f - Follow me.
Anything else - Cancel.
You shout for attention!
Grinder shouts!
Grinder gestures at you. Pain shoots through your body!
The zap hits Grinder. x2
Grinder rolls her eyes.
The zap hits Grinder.
The zap hits Grinder.
Grinder hits you.
You writhe in agony.
The zap misses Grinder.
Grinder gestures at you. Pain shoots through your body!
* * * LOW HITPOINT WARNING * * *
Aim: Grinder (heavily wounded, chance to affect: 65%) Grinder struggles to resist.
Grinder says, "Are you a fish?" Grinder hits you.
* * * LOW HITPOINT WARNING * * *
Aim: Grinder (heavily wounded, chance to affect: 65%) Grinder struggles to resist.
Grinder hits you.
You die...

# .# .5
####.#.#
#......#
#.# #5#
#@# #.#
#.#
#.##.#
#.#
#.##.#
#.#
#.##.#
#.#
#.##.#
#.#
#.##.#
#.#
#.##.#
#.######


You could see Grinder.

Vanquished Creatures
  An adder (D:2)
  A worm (D:2)
  A dart slug (D:2)
  4 bats
  2 endoplasms
  3 giant cockroaches
  7 goblins
  5 hobgoblins
  2 jackals (D:2)
  5 quokkas
  4 ball pythons
  3 frilled lizards (D:1)
  7 kobolds
  5 rats
50 creatures vanquished.

Notes
Turn   | Place    | Note
-------+----------+-------------------------------------------
     0 | D:1      | vurker the Octopode Air Elementalist began the quest for
                  | the Orb.
     0 | D:1      | Reached XP level 1. HP: 11/11 MP: 3/3
   257 | D:1      | Reached XP level 2. HP: 10/17 MP: 5/5
  1218 | D:2      | Reached XP level 3. HP: 16/22 MP: 3/6
  1503 | D:2      | Reached skill level 1 in Fighting
  1662 | D:2      | Found Zasevuz's Distillery.
  1671 | D:2      | Bought a potion of curing for 33 gold pieces
  2409 | D:2      | Found a faded altar of an unknown god.
  2531 | D:3      | Reached XP level 4. HP: 28/28 MP: 5/8
  2567 | D:3      | Learned a level 4 spell: Airstrike
  2965 | D:3      | Noticed Grinder
  2975 | D:3      | HP: 1/28 [Grinder (3)]
  2976 | D:3      | Slain by Grinder

Illustrated notes

Levels and vault maps discovered:
D:1:      dpeg_arrival_oval, layout_loops_ring
D:2:      kb_forest_paths, layout_loops_ring, serial_shops,
          nicolae_shop_temple_entry_statues_fountains,
          chequers_ecumenical_altar_island
D:3:      layout_loops_ring, marbit_many_paths, small_statue_alley_b,
          uniq_grinder

Skill      XL: |  1  2  3 |
---------------+----------+-----
Fighting       | 1 |  1.2
Dodging        | |  2.0
Stealth        | |  2.6
Spellcasting   | |  2.8
Conjurations   | |  1.7
Air Magic      | |  3.7

Action                   |  1- 3 |  4- 6 || total
-------------------------+-------+-------++-------
Melee: Unarmed           |     2 |       ||     2
       Tentacles         |     2 |     2 ||     4
       Dagger            |    21 |    10 ||    31
       Constrict         |     3 |       ||     3
 Cast: Shock             |    72 |    18 ||    90
Evoke: Wand              |       |     2 ||     2
 Stab: Sleeping          |     1 |       ||     1
Armor: Skin              |     1 |       ||     1
Dodge: Dodged            |    18 |     9 ||    27

Table legend: (Time is in decaauts)
 A = Elapsed time spent in this place.
 B = Non-inter-level travel time spent in this place.
 C = Inter-level travel time spent in this place.
 D = Time resting spent in this place.
 E = Time spent auto-exploring this place.
 F = Levels seen in this place.
 G = Mean time per level.
                   A        B        C        D        E       F      G
               +--------+--------+--------+--------+--------+-----+--------+
         Total |   2975 |   2929 |     46 |      0 |   2621 |   3 |  991.7 |
       Dungeon |   2975 |   2929 |     46 |      0 |   2621 |   3 |  991.7 |
               +--------+--------+--------+--------+--------+-----+--------+

Top non-repeatable levels by time:
     D:2: 1294 daAuts
     D:1: 1198 daAuts
     D:3: 481 daAuts
